 Dungeon Crawl Stone Soup version 0.30-a0-178-g4db885d750 (webtiles) character file.

Game seed: 6353700482800613851

20257 910rd the Stormcaller (level 12, -9/78 HPs)
             Began as a Tengu Air Elementalist on Oct 3, 2022.
             Was an Elder of Vehumet.
             Mangled by a tyrant leech (27 damage)
             ... on level 3 of the Lair of Beasts.
             The game lasted 00:56:46 (16010 turns).

910rd the Stormcaller (Tengu Air Elementalist)     Turns: 16010, Time: 00:56:46

Health: -9/78      AC:  8    Str:  9    XL:     12   Next: 77%
Magic:  23/36      EV: 16    Int: 26    God:    Vehumet [****..]
Gold:   806        SH:  0    Dex: 15    Spells: 16/31 levels left

rFire   . . .      SeeInvis .    F - staff of air
rCold   + . .      Faith    .    (no shield)
rNeg    . . .      Spirit   .    d - +2 leather armour {rC+}
rPois   +          Reflect  .    (helmet restricted)
rElec   +          Harm     .    h - +2 cloak {rPois}
rCorr   .          Rampage  .    (no gloves)
Will    .....                    (boots unavailable)
Stlth   ++........               (no amulet)
HPRegen 0.33/turn                f - +6 ring of intelligence
MPRegen 0.25/turn                N - ring of magical power

@: flying quickly and evasively, invisible, quick
A: beak, talons 3, nimble flight
a: Renounce Religion


You were on level 3 of the Lair of Beasts.
You worshipped Vehumet.
Vehumet was greatly pleased with you.
You visited 3 branches of the dungeon, and saw 13 of its levels.

You collected 806 gold pieces.

Inventory:

Hand Weapons
 a - a +2 dagger of venom
 b - a +2 dagger of draining
 i - a +3 morningstar of freezing
 t - a +1 demon whip of venom
 x - a +2 whip of venom
 D - a +4 dagger
 G - a +5 flail of venom
Missiles
 l - 17 poisoned darts
 I - a curare-tipped dart
Armour
 d - a +2 leather armour of cold resistance (worn)
 h - a +2 cloak of poison resistance (worn)
 J - a +0 kite shield
 L - +0 steam dragon scales
Magical Staves
 o - a staff of cold
 F - a staff of air (weapon)
Jewellery
 f - a +6 ring of intelligence (left hand)
 k - a ring of fire
 q - a +6 ring of strength
 u - a ring of protection from cold
 v - a ring of ice
 y - an amulet of guardian spirit
 B - a +6 ring of strength
 K - a ring of willpower
 N - a ring of magical power (right hand)
Wands
 O - a wand of iceblast (4)
Scrolls
 g - 3 scrolls of immolation
 m - 2 scrolls of enchant armour
 A - 2 scrolls of teleportation
 M - a scroll of summoning
 P - a scroll of magic mapping
Potions
 c - 3 potions of curing
 e - a potion of haste {unknown}
 n - a potion of cancellation {unknown}
 r - 3 potions of lignification
 s - 2 potions of mutation
 w - 5 potions of degeneration
 z - 4 potions of brilliance
 C - a potion of might {unknown}
 E - 3 potions of ambrosia {unknown}
 H - 2 potions of flight {unknown}
Miscellaneous
 p - a phantom mirror


   Skills:
 + Level 10.5 Fighting
 - Level 4.0 Armour
 - Level 5.0 Dodging
 - Level 3.0 Stealth
 - Level 10.0 Spellcasting
 - Level 5.0 Conjurations
 - Level 2.0 Transmutations
 - Level 2.0 Fire Magic
 - Level 3.0 Ice Magic
 - Level 15.0 Air Magic
 - Level 3.0 Poison Magic
 - Level 2.0 Evocations


You had 16 spell levels left.
You knew the following spells:

 Your Spells              Type           Power      Damage    Failure   Level
a - Shock                 Conj/Air       100%       1d9       1%          1
b - Static Discharge      Conj/Air       100%       2-7/arc   1%          2
c - Airstrike             Air            47%        2d(7-23)  1%          4
d - Poisonous Vapours     Pois/Air       100%       N/A       1%          2
e - Ignite Poison         Fire/Tmut/Pois 25%        N/A       2%          3
q - Swiftness             Air            94%        N/A       1%          3

Your spell library contained the following spells:

 Spells                   Type           Power      Damage    Failure   Level
 Mephitic Cloud           Conj/Pois/Air  68%        N/A       1%          3
 Freeze                   Ice            100%       1d11      1%          1
 Frozen Ramparts          Ice            56%        1d9       1%          3
 Hailstorm                Conj/Ice       33%        3d8       1%          3
 Freezing Cloud           Conj/Ice/Air   34%        6-21      2%          5
 Apportation              Tloc           26%        N/A       6%          1
 Alistair's Intoxication  Tmut/Pois      17%        N/A       52%         5
 Simulacrum               Ice/Necr       10%        N/A       99%         6
 Polar Vortex             Ice            14%        N/A       100%        9


Dungeon Overview and Level Annotations

Branches:
Dungeon (9/15) Zot: 26731  Temple (1/1) D:4 Zot: 5918    Lair (3/5) D:8 Zot: 13177
  Swamp (0/4) Lair:3       Spider (0/4) Lair:3
    Orc: D:9-12

Altars:
Ashenzari
Cheibriados
Dithmenos
Elyvilon
Fedhas
Gozag
Hepliaklqana
Kikubaaqudgha
Makhleb
Nemelex Xobeh
Okawaru
Qazlal
Ru
Sif Muna
Trog
Uskayaw
Vehumet
Wu Jian
Xom
Yredelemnul
Zin
The Shining One


Innate Abilities, Weirdness & Mutations

You have a beak for a mouth.
You have claws for feet.
Your magical nature lets you fly swiftly and evasively.


Message History

* * * LOW HITPOINT WARNING * * *
The swamp worm is struck by an arc of lightning!
The swamp worm is severely wounded.
The lightning grounds out.
The swamp worm is struck by an arc of lightning.
The swamp worm is severely wounded.
You resist.
You are struck by an arc of lightning.
* * * LOW HITPOINT WARNING * * *
The swamp worm is struck by an arc of lightning.
The swamp worm is almost dead.
You resist.
You are struck by an arc of lightning.
* * * LOW HITPOINT WARNING * * *
The plant is struck by an arc of lightning.
The plant begins to die.
The plant is lightly damaged.
The lightning grounds out.
The swamp worm is struck by an arc of lightning.
The swamp worm is lightly wounded.
The plant is struck by an arc of lightning.
The plant is lightly damaged.
The lightning grounds out.
The plant is struck by an arc of lightning!
The plant is lightly damaged.
The swamp worm is struck by an arc of lightning.
The swamp worm is lightly wounded.
The lightning grounds out.
The swamp worm closely misses you. The swamp worm misses you.
The swamp worm bites you!!
* * * LOW HITPOINT WARNING * * *
You take 21 damage, and have 18/78 hp.
MASSIVE DAMAGE!!
You now have 23/36 mp.
Okay, then.
Okay, then.
Press: ? - help, v - describe, . - travel
Here: a tyrant leech (heavily wounded)
The floor.
Press: ? - help, v - describe, . - travel
Here: a swamp worm (severely wounded)
The floor.
You fade into invisibility!
The swamp worm completely misses you. The tyrant leech bites you!!
You die...

...........###....###...##~~
.........P..###.### ###.##~~
.......##.## ##.# #.####~
.....##..# ### ####### ....
#..## ###..## ... #.#.###
######.#.... ..
#.#.#.###.##........
##w.P.##.....###....
##@w..#.....# ##...
#w.........# #...
#........_..# #P##
#...#.......# ###
...###......# #.##
♣♣.♣♣#.#....## #.P# §~
♣♣#.....# #... ♣§§ ###..##
##..[ ♣≈w ##..###....


You could see a tyrant leech (unable to see you) and 2 swamp worms.

Vanquished Creatures
  A catoblepas (Lair:3)
  Erica (Lair:2)
  A boulder beetle (Lair:3)
  Nergalle (Lair:3)
  Amaemon (Lair:1)
  3 black mambas
  8 cane toads
  3 rime drakes
  An orange demon (Lair:2)
  9 komodo dragons
  Prince Ribbit (D:7)
  A polar bear (Lair:3)
  5 blink frogs (Lair:1)
  3 wyverns
  2 steam dragons
  18 yaks
  A basilisk (Lair:2)
  Edmund (D:5)
  10 water moccasins
  An acid dragon (D:8)
  Duvessa (D:5)
  3 orc warriors
  2 ice beasts
  A sky beast (D:6)
  An ogre (D:5)
  9 wolves
  6 centaurs (D:7)
  A phantom (D:5)
  A kobold brigand (D:7)
  12 bullfrogs
  3 necrophages
  7 scorpions
  4 wights (D:7)
  Dowan (D:5)
  An electric eel (Lair:3)
  A howler monkey (D:7)
  Crazy Yiuf (D:5)
  6 hounds
  4 orc priests
  2 jellies (D:7)
  5 iguanas
  8 orc wizards
  6 adders
  2 shadow imps
  15 white imps
  2 worms
  A dart slug (D:2)
  49 orcs
  10 endoplasms
  4 giant cockroaches
  11 goblins
  12 hobgoblins
  12 kobolds
  2 quokkas
  6 ball pythons
  7 bats
  6 frilled lizards
  8 rats
305 creatures vanquished.

Vanquished Creatures (others)
  57 fungi
  58 plants
115 creatures vanquished.

Grand Total: 420 creatures vanquished

Notes
Turn   | Place    | Note
-------+----------+-------------------------------------------
     0 | D:1      | 910rd the Tengu Air Elementalist began the quest for the
                  | Orb.
     0 | D:1      | Reached XP level 1. HP: 10/10 MP: 4/4
   265 | D:1      | Reached XP level 2. HP: 15/15 MP: 1/6
   392 | D:1      | Reached skill level 5 in Air Magic
   628 | D:1      | Reached skill level 1 in Fighting
   668 | D:1      | Found a faded altar of an unknown god.
   748 | D:1      | Reached XP level 3. HP: 20/20 MP: 5/7
  1439 | D:2      | Learned a level 2 spell: Static Discharge
  1572 | D:2      | Reached XP level 4. HP: 26/26 MP: 2/8
  2789 | D:4      | Gained mutation: Your magical nature lets you fly swiftly
                  | and evasively. [Tengu growth]
  2789 | D:4      | Reached XP level 5. HP: 16/30 MP: 5/10
  2868 | D:4      | Reached skill level 6 in Air Magic
  3001 | D:4      | Reached XP level 6. HP: 37/37 MP: 5/11
  3275 | D:4      | Found a staircase to the Ecumenical Temple.
  3306 | Temple   | Entered the Ecumenical Temple
  3589 | D:4      | Reached skill level 7 in Air Magic
  3829 | D:4      | Found a sparkling altar of Nemelex Xobeh.
  4044 | D:4      | Found a burning altar of Makhleb.
  4048 | D:4      | Found a radiant altar of Vehumet.
  4051 | D:4      | Found a shimmering blue altar of Sif Muna.
  4056 | D:4      | Became a worshipper of Vehumet
  4356 | D:5      | Entered Level 5 of the Dungeon
  4365 | D:5      | Reached skill level 8 in Air Magic
  4365 | D:5      | Reached XP level 7. HP: 36/42 MP: 8/12
  4369 | D:5      | Learned a level 3 spell: Swiftness
  4374 | D:5      | Learned a level 4 spell: Airstrike
  4458 | D:5      | Found a bloodstained altar of Trog.
  4462 | D:5      | Found a glowing golden altar of the Shining One.
  4616 | D:5      | Identified 2 scrolls of acquirement
  4616 | D:5      | Acquired a staff of air
  4619 | D:5      | Acquired a +1 cloak of poison resistance
  4658 | D:5      | Found a shimmering altar of Xom.
  4662 | D:5      | Found a blossoming altar of Fedhas.
  4697 | D:5      | Reached skill level 9 in Air Magic
  4742 | D:5      | Noticed Edmund
  4766 | D:5      | Killed Edmund
  5048 | D:5      | Found a runed translucent door.
  5049 | D:5      | Noticed Crazy Yiuf
  5064 | D:5      | Killed Crazy Yiuf
  5065 | D:5      | Reached skill level 10 in Air Magic
  5175 | D:5      | Noticed Duvessa
  5175 | D:5      | Noticed Dowan
  5178 | D:5      | Killed Duvessa
  5179 | D:5      | Reached XP level 8. HP: 48/48 MP: 0/14
  5314 | D:5      | Killed Dowan
  5903 | D:6      | Reached skill level 11 in Air Magic
  5936 | D:5      | Reached * piety under Vehumet
  5936 | D:5      | Offered knowledge of Magic Dart by Vehumet.
  6524 | D:6      | Reached skill level 12 in Air Magic
  7188 | D:7      | Reached skill level 5 in Fighting
  7188 | D:7      | Reached XP level 9. HP: 54/54 MP: 10/16
  7376 | D:7      | Reached skill level 5 in Dodging
  7721 | D:7      | Reached skill level 5 in Spellcasting
  8114 | D:7      | Reached ** piety under Vehumet
  8115 | D:7      | Reached skill level 13 in Air Magic
  8319 | D:7      | Noticed Prince Ribbit
  8324 | D:7      | Killed Prince Ribbit
  8415 | D:7      | Offered knowledge of Poisonous Vapours by Vehumet.
  8421 | D:7      | Learned a level 2 spell: Poisonous Vapours
  8423 | D:7      | Reached skill level 14 in Air Magic
  8735 | D:8      | Reached skill level 1 in Poison Magic
  8735 | D:8      | Reached XP level 10. HP: 59/59 MP: 9/18
  9517 | D:8      | Offered knowledge of Ignite Poison by Vehumet.
  9582 | D:8      | Learned a level 3 spell: Ignite Poison
  9655 | D:8      | Reached skill level 1 in Fire Magic
  9937 | D:8      | Found a staircase to the Lair.
  9955 | D:8      | Reached skill level 1 in Transmutations
 10229 | D:8      | Reached *** piety under Vehumet
 10725 | Lair:1   | Entered Level 1 of the Lair of Beasts
 11282 | Lair:1   | Noticed a cane toad
 11286 | Lair:1   | Killed a cane toad
 11287 | Lair:1   | Reached XP level 11. HP: 67/67 MP: 10/23
 11346 | Lair:1   | Offered knowledge of Iskenderun's Mystic Blast by Vehumet.
 12067 | Lair:1   | Reached skill level 15 in Air Magic
 12165 | Lair:2   | Noticed Amaemon
 12165 | Lair:2   | Found a frozen archway.
 12733 | Lair:1   | Killed Amaemon
 13199 | Lair:2   | Noticed Erica
 13378 | Lair:2   | Noticed a catoblepas
 13381 | Lair:2   | Reached skill level 1 in Evocations
 13482 | Lair:2   | Reached **** piety under Vehumet
 13847 | Lair:2   | Killed Erica
 13847 | Lair:2   | Offered knowledge of Mephitic Cloud by Vehumet.
 13851 | Lair:2   | Reached XP level 12. HP: 77/77 MP: 14/25
 13894 | Lair:2   | Reached skill level 10 in Fighting
 14868 | Lair:3   | Noticed Nergalle
 14873 | Lair:3   | Killed Nergalle
 14874 | Lair:3   | Reached skill level 10 in Spellcasting
 14922 | Lair:3   | Reached skill level 1 in Ice Magic
 15134 | Lair:3   | Noticed a boulder beetle
 15141 | Lair:3   | Killed a boulder beetle
 15409 | Lair:3   | Found a hole to the Spider Nest.
 15576 | Lair:3   | Reached skill level 5 in Conjurations
 15669 | Lair:3   | Noticed a catoblepas
 15675 | Lair:3   | Killed a catoblepas
 15798 | Lair:3   | Found an iron altar of Okawaru.
 15996 | Lair:3   | Found a staircase to the Swamp.
 16010 | Lair:3   | Mangled by a tyrant leech

Illustrated notes

Levels and vault maps discovered:
D:1:      minmay_arrival_four_houses, layout_loops_cross,
          ebering_ecumenical_altar_abandoned
D:2:      layout_basic, chequers_serial_rivers_large_a
D:3:      cheibrodos_greedy_goblins, layout_basic, minmay_quantized
D:4:      layout_basic, nemelex_spade_bored_becter, minitemple,
          minmay_temple_entry_hall
D:5:      layout_rooms, nicolae_overflow_hidden_temple, uniq_crazy_yiuf_cottage,
          uniq_edmund, uniq_duvessa
D:6:      layout_loops_ring, minmay_misc_feat_x
D:7:      layout_basic, centaur_isle, uniq_prince_ribbit1
D:8:      layout_loops_ring, due_lair_maze_entry_diamond, special_room
          [special_room_orc]
D:9:      layout_big_octagon, erik_orc_4
Temple:   jpeg_temple_clearing
Lair:1:   layout_small_grid, grunt_megastairs_5
Lair:2:   layout_chaotic_city, portal_ice_cave_entry_imps, uniq_erica,
          uniq_amaemon
Lair:3:   layout_cave_pods, minmay_swamp_entry_worms,
          nicolae_spider_entry_non_spiders, basic_altar,
          chequers_serial_rivers_micro_a, cheibrodos_lair_caveside_slide,
          uniq_nergalle

Skill      XL: |  1  2  3  4  5  6  7  8  9 10 11 12 |
---------------+-------------------------------------+-----
Air Magic      | 5 6 8 10 12 14 15 | 15.0
Fighting       | 1 2 3 4 5 7 9 10 | 10.5
Conjurations   | 2 3 5 |  5.0
Spellcasting   | 3 4 5 7 8 10 | 10.0
Dodging        | 3 5 |  5.0
Poison Magic   | 1 3 |  3.0
Fire Magic     | 2 |  2.0
Transmutations | 2 |  2.0
Armour         | 4 |  4.0
Evocations     | 2 |  2.0
Ice Magic      | 3 |  3.0
Stealth        | 3 |  3.0

Action                   |  1- 3 |  4- 6 |  7- 9 | 10-12 || total
-------------------------+-------+-------+-------+-------++-------
Melee: Dagger            |       |    50 |     6 |       ||    56
       Kick              |       |    20 |     6 |     6 ||    32
       Peck              |       |     8 |     5 |     5 ||    18
       Punch             |       |     1 |       |       ||     1
       Staff             |       |       |    13 |     8 ||    21
       Flail             |       |       |       |    10 ||    10
 Fire: Sling             |    18 |     1 |       |       ||    19
Throw: Dart              |       |       |    16 |       ||    16
 Cast: Shock             |    68 |    87 |    42 |       ||   197
       Static Discharge  |       |    11 |    18 |    24 ||    53
       Airstrike         |       |       |    75 |   213 ||   288
       Swiftness         |       |       |     1 |     1 ||     2
       Poisonous Vapours |       |       |       |    26 ||    26
       Ignite Poison     |       |       |       |    11 ||    11
  Use: Potion            |       |     1 |     3 |     2 ||     6
       Scroll            |       |       |    10 |     6 ||    16
Armor: Robe              |    14 |     7 |       |       ||    21
       Leather armour    |       |       |    15 |    25 ||    40
Dodge: Dodged            |    29 |    38 |    52 |    72 ||   191

Table legend: (Time is in decaauts)
 A = Elapsed time spent in this place.
 B = Non-inter-level travel time spent in this place.
 C = Inter-level travel time spent in this place.
 D = Time resting spent in this place.
 E = Time spent auto-exploring this place.
 F = Levels seen in this place.
 G = Mean time per level.
                   A        B        C        D        E       F      G
               +--------+--------+--------+--------+--------+-----+--------+
         Total |  15458 |  14962 |    496 |   3608 |   9391 |  13 | 1189.1 |
       Dungeon |  10555 |  10218 |    337 |   2249 |   6521 |   9 | 1172.8 |
        Temple |     81 |     65 |     16 |      0 |     53 |   1 |   81.0 |
          Lair |   4821 |   4679 |    142 |   1359 |   2817 |   3 | 1607.0 |
               +--------+--------+--------+--------+--------+-----+--------+

Top non-repeatable levels by time:
  Lair:1: 2185 daAuts
     D:8: 2034 daAuts
     D:7: 1658 daAuts
  Lair:2: 1469 daAuts
     D:4: 1364 daAuts
     D:6: 1330 daAuts
     D:5: 1256 daAuts
  Lair:3: 1166 daAuts
     D:3: 1094 daAuts
     D:2: 929 daAuts
     D:1: 885 daAuts
  Temple: 81 daAuts
     D:9: 1 daAuts
